 Dungeon Crawl Stone Soup version 0.31-a0-1388-g4b2ba238e7 (webtiles) character file.

Game seed: 11742845076501557641

328 Laraso the Cleaver (level 6, 0/51 HPs)
             Began as a Hill Orc Cinder Acolyte on Dec 24, 2023.
             Was a High Priest of Ignis.
             Slain by an iguana (11 damage)
             ... on level 4 of the Dungeon.
             The game lasted 00:03:44 (3450 turns).

Laraso the Cleaver (Hill Orc Cinder Acolyte)        Turns: 3450, Time: 00:03:45

Health: 0/51       AC: 12    Str: 19    XL:     6   Next: 50%
Magic:  7/7        EV: 11    Int: 14    God:    Ignis [*****.]
Gold:   216        SH:  0    Dex:  6    Spells: 5/7 levels left

rFire   + . .        a - +3 hand axe
rCold   . . .        (no shield)
rNeg    . . .        b - +0 robe
rPois   .            (no helmet)
rElec   .            (no cloak)
rCorr   .            k - +1 pair of gloves
SInv    .            j - +0 pair of boots
Will    .....        (no amulet)
Stlth   +            (no ring)
HPRegen 0.28/turn    (no ring)
MPRegen 0.10/turn

%: no passive effects
@: fiery-armoured, invisible
A: no striking features
a: Renounce Religion, Fiery Armour, Foxfire Swarm, Rising Flame


You were on level 4 of the Dungeon.
You worshipped Ignis.
Ignis was extremely pleased with you.
You visited 1 branch of the dungeon, and saw 4 of its levels.

You collected 216 gold pieces.

Inventory:

Hand Weapons
 a - a +3 hand axe (weapon)
Armour
 b - a +0 robe (worn)
 j - a +0 pair of boots (worn)
 k - a +1 pair of gloves (worn)
Scrolls
 d - 2 scrolls of butterflies {unknown}
 e - a scroll of enchant armour {unknown}
 f - a scroll of blinking {unknown}
 h - a scroll of immolation {unknown}
 i - a scroll of noise {unknown}
 l - a scroll of poison {unknown}
 m - a scroll of enchant weapon {unknown}
Potions
 g - a potion of curing


   Skills:
 - Level 3.6 Fighting
 * Level 9.3 Axes
 - Level 1.0 Spellcasting
 - Level 3.2 Fire Magic


You had 5 spell levels left.
You knew the following spells:

 Your Spells              Type           Power      Damage    Failure   Level
a - Scorch                Fire           18%        2d5       11%         2

Your spell library contained the following spells:

 Spells                   Type           Power      Damage    Failure   Level


Dungeon Overview and Level Annotations

Branches:
Dungeon (4/15)
 Temple: D:4-7

Altars:

Shops:
D:2 =


Message History

The foxfire hits the orc.
The orc is almost dead.
The foxfire hits the gnoll.
The gnoll is severely wounded.
The foxfire hits the orc but does no damage.
The orc is almost dead.
The gnoll bouda gazes fiercely through you!
You feel your attacks grow feeble. The gnoll closely misses you.
You hit the gnoll.
The gnoll is severely wounded.
You hit the gnoll.
A gnoll comes into view.
It is wielding a +0 halberd and quivering 2 throwing nets.
The gnoll hits you but does no damage. The gnoll closely misses you.
Unknown command.
The gnoll closely misses you.
Unknown command.
You closely miss the gnoll.
The gnoll is severely wounded.
You hit the gnoll.
You kill the gnoll!
Unknown command.
The gnoll hits you but does no damage.
It was a potion of invisibility.
You fade into invisibility!
Something unseen opens the door.
The orc closely misses you.
Your attacks no longer feel as feeble.
You closely miss the orc.
The orc is almost dead.
The orc hits you with a +0 whip of electrocution.
* * * LOW HITPOINT WARNING * * *
The orc is burned by your cloak of flames.
You kill the orc!
You closely miss the iguana. The iguana closely misses you.
You hit the iguana but do no damage. You hit the iguana.
The iguana is lightly wounded.
You hear the slow rusting of a distant drain.
The iguana bites you!
You die...

#. ###### #.
#....# #. #.##@#
# #.##.##l#
###.#....##O#
.......>g...# ...
###..).<..###
....#####'#O###
....g.......#####
#..........).v..#
#..........O###.#


You could see an ogre (unable to see you) and an iguana (unable to see you).

Vanquished Creatures
  An ogre (D:4)
  A bombardier beetle (D:4)
  3 orc wizards (D:3)
  A gnoll (D:4)
  3 adders
  5 worms
  A dart slug (D:2)
  8 orcs
  2 ball pythons
  11 bats
  2 endoplasms
  A giant cockroach (D:1)
  2 hobgoblins (D:2)
  9 jackals
  2 quokkas
  4 frilled lizards
  8 goblins
  9 kobolds
  8 rats
81 creatures vanquished.

Vanquished Creatures (others)
  8 foxfires (D:4)
8 creatures vanquished.

Grand Total: 89 creatures vanquished

Notes
Turn   | Place    | Note
-------+----------+-------------------------------------------
     0 | D:1      | Laraso the Hill Orc Cinder Acolyte began the quest for the
                  | Orb.
     0 | D:1      | Reached XP level 1. HP: 19/19 MP: 2/2
   515 | D:1      | Reached XP level 2. HP: 26/26 MP: 3/3
   691 | D:2      | Reached skill level 5 in Axes
   795 | D:2      | Reached XP level 3. HP: 25/31 MP: 4/4
   864 | D:2      | Learned a level 2 spell: Scorch
  1049 | D:2      | Found Kadyor's Jewellery Boutique.
  1135 | D:2      | Reached skill level 6 in Axes
  1227 | D:2      | Reached XP level 4. HP: 23/39 MP: 0/5
  2198 | D:3      | Reached skill level 7 in Axes
  2880 | D:3      | Reached XP level 5. HP: 45/45 MP: 1/6
  2897 | D:3      | Reached skill level 8 in Axes
  3331 | D:4      | Reached XP level 6. HP: 40/51 MP: 1/7
  3423 | D:4      | Reached skill level 9 in Axes
  3450 | D:4      | Slain by an iguana

Illustrated notes

Levels and vault maps discovered:
D:1:      ldierk_walled_garden_2, layout_basic, serial_rivers,
          chequers_serial_rivers_micro_a, chequers_serial_rivers_room_a,
          chequers_serial_rivers_micro_e, chequers_serial_rivers_micro_c,
          chequers_serial_rivers_room_a, chequers_serial_rivers_micro_c
D:2:      layout_rooms, serial_shops, shop, grunt_ministairs_6,
          minmay_tetromino_i4
D:3:      layout_loops_corners, palyth_stone_intersect, minmay_cupped
D:4:      layout_basic, gup_sewer_entry_bubbles

Skill      XL: |  1  2  3  4  5  6 |
---------------+-------------------+-----
Axes           | 5 6 7 8 9 |  9.3
Fighting       | |  3.6
Spellcasting   | |  1.0
Fire Magic     | |  3.2

Action                     |  1- 3 |  4- 6 || total
---------------------------+-------+-------++-------
  Melee: Hand axe          |    87 |   111 ||   198
         Punch             |       |     1 ||     1
   Cast: Scorch            |     7 |    28 ||    35
 Invoke: Foxfire Swarm     |       |     1 ||     1
         Fiery Armour      |       |     1 ||     1
    Use: Potion            |       |     2 ||     2
 Armour: Robe              |    57 |    52 ||   109
  Dodge: Dodged            |    48 |    70 ||   118

Table legend: (Time is in decaauts)
 A = Elapsed time spent in this place.
 B = Non-inter-level travel time spent in this place.
 C = Inter-level travel time spent in this place.
 D = Time resting spent in this place.
 E = Time spent auto-exploring this place.
 F = Levels seen in this place.
 G = Mean time per level.
                   A        B        C        D        E       F      G
               +--------+--------+--------+--------+--------+-----+--------+
         Total |   3452 |   3369 |     83 |    454 |   2371 |   4 |  863.0 |
       Dungeon |   3452 |   3369 |     83 |    454 |   2371 |   4 |  863.0 |
               +--------+--------+--------+--------+--------+-----+--------+

Top non-repeatable levels by time:
     D:3: 1478 daAuts
     D:2: 1138 daAuts
     D:1: 684 daAuts
     D:4: 151 daAuts
